 Dungeon Crawl Stone Soup version 0.23.2-33-g5129a83184 (webtiles) character file.

Game seed: 17660018187537012678

1292 DildoBatman the Conjurer (level 8, 0/52 HPs)
             Began as a Formicid Wizard on July 3, 2019.
             Was a Believer of Kikubaaqudgha.
             Slain by a gnoll
             ... wielding a +2 spear of freezing
              (11 damage)
             ... on level 7 of the Dungeon.
             The game lasted 00:21:29 (5116 turns).

DildoBatman the Conjurer (Formicid Wizard)          Turns: 5116, Time: 00:21:30

Health: 0/52       AC:  3    Str: 11    XL:     8   Next: 86%
Magic:  1/14       EV: 12    Int: 21    God:    Kikubaaqudgha [**....]
Gold:   228        SH:  0    Dex:  9    Spells: 5/15 levels left

rFire    . . .     SeeInvis +   b - +1 hunting sling (flame)
rCold    . . .     Gourm    .   (no shield)
rNeg     . . .     Faith    .   m - +0 robe
rPois    .         Spirit   .   (helmet unavailable)
rElec    .         Reflect  .   (no cloak)
rCorr    .         Harm     .   o - +0 pair of gloves
MR       .....                  (no boots)
Stlth    +.........             (no amulet)
HPRegen  0.17/turn              (no ring)
MPRegen  0.14/turn              (no ring)

@: confused
A: permanent stasis, dig shafts and tunnels, four strong arms, antennae 3
a: Dig, Shaft Self, Receive Corpses, Renounce Religion


You were on level 7 of the Dungeon.
You worshipped Kikubaaqudgha.
Kikubaaqudgha was pleased with you.
You were not hungry.

You visited 2 branches of the dungeon, and saw 8 of its levels.

You collected 228 gold pieces.

Inventory:

Hand Weapons
 a - a +2 mace of crushing
 b - a +1 hunting sling of flaming (weapon)
 e - a +0 halberd
 y - a +1 dagger of venom
 C - a +1 mace of venom
Missiles
 h - 63 sling bullets
 p - 82 arrows
 r - 6 tomahawks
 s - 11 poisoned needles
 H - 44 bolts
 J - 4 javelins
 M - 127 stones (quivered)
Armour
 m - a +0 robe (worn)
 o - a +0 pair of gloves (worn)
Wands
 F - a wand of paralysis (8)
 I - a wand of flame (26)
Scrolls
 c - a scroll of fear
 d - 4 scrolls of teleportation {unknown}
 i - a scroll of noise {unknown}
 j - a scroll of blinking {unknown}
 u - a scroll of enchant armour {unknown}
 w - a scroll of immolation {unknown}
 x - 3 scrolls of remove curse
 z - 3 scrolls of identify
 A - a scroll of enchant weapon {unknown}
 L - a scroll of magic mapping {unknown}
Potions
 f - a potion of mutation {unknown}
 k - a potion of agility {unknown}
 l - 3 potions of flight
 n - 2 potions of haste
 q - a potion of curing {unknown}
 t - a potion of berserk rage {unknown}
 B - a potion of ambrosia {unknown}
 D - a potion of cancellation {unknown}
 E - a potion of brilliance {unknown}
 G - 2 potions of lignification {unknown}
Comestibles
 v - 14 rations
 K - 6 chunks of flesh


   Skills:
 - Level 2.1 Slings
 - Level 1.7 Dodging
 * Level 4.7 Stealth
 - Level 4.0 Spellcasting
 - Level 6.0 Conjurations
   Level 1.0 Summonings
 * Level 2.2 Necromancy
   Level 0.8 Translocations
 * Level 2.8 Fire Magic
 * Level 2.3 Air Magic
 * Level 3.8 Poison Magic


You had 5 spell levels left.
You knew the following spells:

 Your Spells              Type           Power        Failure   Level  Hunger
a - Conjure Flame         Conj/Fire      ###.....     6%          3    ###....
c - Magic Dart            Conj           ####         1%          1    None
d - Vampiric Draining     Necr           ##........   14%         3    ###....
e - Mephitic Cloud        Conj/Pois/Air  ###.....     7%          3    ###....

Your spell library contained the following spells:

 Spells                   Type           Power        Failure   Level  Hunger
 Animate Skeleton         Necr           N/A          4%          1    None
 Pain                     Necr           ##..         4%          1    None
 Sublimation of Blood     Necr           ##........   7%          2    #......
 Beastly Appendage        Tmut           #.....       12%         1    None
 Call Imp                 Summ           #.......     12%         2    #......
 Spider Form              Tmut/Pois      ##........   16%         3    ###....
 Slow                     Hex            #.......     19%         2    #......
 Sticks to Snakes         Tmut           #.......     19%         2    #......
 Ice Form                 Ice/Tmut       #.......     75%         4    ####...
 Blade Hands              Tmut           #.........   97%         5    ######.
 Blink                    Tloc           Unusable     N/A         2    N/A

Dungeon Overview and Level Annotations

Branches:
Dungeon (7/15)             Temple (1/1) D:5

Altars:
Ashenzari
Cheibriados
Dithmenos
Elyvilon
Fedhas
Gozag
Hepliaklqana
Kikubaaqudgha
Makhleb
Nemelex Xobeh
Okawaru
Qazlal
Ru
Sif Muna
Trog
Uskayaw
Vehumet
Wu Jian
Xom
Yredelemnul
Zin
The Shining One

Shops:
D:4 [   D:6 =

Annotations:
D:2 Terence
D:3 1 exclusion
D:4 exclusions: iguana, orc and 2 more exclusions
D:5 Dowan


Innate Abilities, Weirdness & Mutations

You cannot be hasted, slowed, berserked, paralysed or teleported.
You can dig through walls and to a lower floor.
Your four strong arms can wield two-handed weapons with a shield.
You have a pair of large antennae on your head. (SInv)


Message History

You are confused.
The hound is engulfed in noxious fumes.
The hound appears confused.
The hound bites you.
You bump into the rock wall.
You are engulfed in noxious fumes.
You choke on the stench!
You are more confused.
The hound is engulfed in noxious fumes. x2
The hound appears confused.
The gnoll is engulfed in noxious fumes.
You feel much better.
The gnoll is engulfed in noxious fumes.
The gnoll hits you from afar with a +2 spear of freezing!
The gnoll freezes you.
You clumsily bash the hound but do no damage.
The hound is lightly wounded.
The gnoll hits you from afar with a +2 spear of freezing!
You die...
Kikubaaqudgha rasps: "You have failed me!
Welcome... death!"

###...........####......#
.................#......#
...................##...#
#.........##..##..###..#
##...........##...#....#
##..........##...#...##
#..........###......#
#........#.#....#..##
#...h.@..#.#...##...#
#..#.#.°##.##.....#####
#...###g○# #.........#
....####.## #..........
.......#.g(.# #..........
...g.........# #...#..##.#
#........#...# #...#......
........##...#####..........
#.......####.................


You could see a gnoll shaman, a hound (confused) and a gnoll.

Vanquished Creatures
  A black bear (D:7)
  A centaur (D:6)
  A scorpion (D:6)
  2 howler monkeys
  A crimson imp (D:6)
  3 hounds
  3 centaur skeletons
  2 bullfrog skeletons (D:5)
  3 orc priests
  A gnoll shaman (D:7)
  5 worker ants
  3 iguanas
  3 orc wizards
  2 killer bee zombies (D:6)
  A hound zombie (D:6)
  A hound skeleton (D:4)
  A worker ant zombie (D:6)
  8 gnolls
  4 adders
  2 oozes
  An adder skeleton (D:2)
  5 worms
  A dart slug (D:5)
  3 leopard geckos
  15 orcs
  2 giant cockroaches
  9 goblins
  11 hobgoblins
  25 jackals
  8 kobolds
  3 quokkas
  A bat (D:2)
  6 frilled lizards
  A jackal zombie (D:6)
  A leopard gecko zombie (D:7)
  2 quokka skeletons
  5 rats
147 creatures vanquished.

Notes
Turn   | Place    | Note
-------+----------+-------------------------------------------
     0 | D:1      | DildoBatman the Formicid Wizard began the quest for the
                  | Orb.
     0 | D:1      | Reached XP level 1. HP: 13/13 MP: 4/4
    29 | D:1      | Reached skill level 1 in Conjurations
   219 | D:1      | Reached XP level 2. HP: 14/19 MP: 1/6
   252 | D:1      | Reached skill level 2 in Conjurations
   470 | D:1      | Reached XP level 3. HP: 11/24 MP: 2/7
   475 | D:1      | Learned a level 3 spell: Conjure Flame
   479 | D:1      | Learned a level 3 spell: Mephitic Cloud
   869 | D:2      | Found a basalt altar of Yredelemnul.
   898 | D:2      | Reached skill level 3 in Conjurations
   968 | D:2      | Found a faded altar of an unknown god.
  1018 | D:2      | Found a shattered altar of Ashenzari.
  1047 | D:2      | Reached XP level 4. HP: 25/30 MP: 2/8
  1562 | D:3      | Noticed Terence
  1603 | D:3      | Found an iron altar of Okawaru.
  1793 | D:3      | Reached skill level 4 in Conjurations
  1793 | D:3      | Reached XP level 5. HP: 31/35 MP: 0/9
  2128 | D:4      | Reached XP level 6. HP: 22/41 MP: 5/10
  2134 | D:4      | Reached skill level 5 in Conjurations
  2315 | D:4      | Noticed a phantom
  2418 | D:4      | Found a hide-covered altar of Uskayaw.
  2423 | D:4      | Found Surekh's Armour Boutique.
  2485 | D:4      | Reached skill level 6 in Conjurations
  2504 | D:4      | Reached XP level 7. HP: 33/46 MP: 7/11
  2682 | D:4      | Found a stormy altar of Qazlal.
  2860 | D:5      | Entered Level 5 of the Dungeon
  2950 | D:5      | Found a staircase to the Ecumenical Temple.
  2956 | Temple   | Entered the Ecumenical Temple
  3132 | Temple   | Became a worshipper of Kikubaaqudgha
  3265 | D:5      | Reached skill level 1 in Poison Magic
  3303 | D:5      | Reached skill level 1 in Fire Magic
  3334 | D:5      | Reached skill level 1 in Air Magic
  3362 | D:5      | Reached skill level 1 in Slings
  3400 | D:5      | Noticed Dowan
  3478 | D:5      | Found a sacrificial altar of Ru.
  3673 | D:5      | Reached * piety under Kikubaaqudgha
  3673 | D:5      | Identified Kikubaaqudgha's Guide on Evil Arts
                  | (Kikubaaqudgha gifted it to you on level 5 of the Dungeon)
  3673 | D:5      | Received a gift from Kikubaaqudgha
  3679 | D:5      | Learned a level 3 spell: Vampiric Draining
  4182 | D:6      | Reached XP level 8. HP: 40/52 MP: 3/13
  4351 | D:6      | Found an opulent altar of Gozag.
  4354 | D:6      | Found a snail-covered altar of Cheibriados.
  4357 | D:6      | Found a bloodstained altar of Trog.
  4402 | D:6      | Reached skill level 1 in Necromancy
  4457 | D:6      | Found a blossoming altar of Fedhas.
  4457 | D:6      | Found a deep blue altar of Sif Muna.
  4488 | D:6      | Found Feseserr's Jewellery Boutique.
  4809 | D:7      | Found a shadowy altar of Dithmenos.
  4925 | D:7      | Reached ** piety under Kikubaaqudgha
  4983 | D:7      | Found a sparkling altar of Nemelex Xobeh.
  5071 | D:7      | Noticed a spriggan baker
  5116 | D:7      | Slain by a gnoll

Skill      XL: |  1  2  3  4  5  6  7  8 |
---------------+-------------------------+-----
Conjurations   | 1 2 3 4 6 |  6.0
Poison Magic   | 2 3 |  3.8
Stealth        | 3 4 |  4.7
Fire Magic     | 1 2 |  2.8
Air Magic      | 1 2 |  2.3
Slings         | 1 2 |  2.1
Spellcasting   | 4 |  4.0
Necromancy     | 2 |  2.2
Dodging        | |  1.7
Summonings     | |  1.0
Translocations | |  0.8

Action                   |  1- 3 |  4- 6 |  7- 9 || total
-------------------------+-------+-------+-------++-------
Melee: Unarmed           |    14 |       |       ||    14
       Short sword       |    22 |       |       ||    22
       Dagger            |    34 |   104 |    11 ||   149
       Mace              |       |       |    45 ||    45
       Hunting sling     |       |       |     3 ||     3
 Fire: Hunting sling     |       |       |   131 ||   131
Throw: Stone             |     4 |     2 |       ||     6
 Cast: Magic Dart        |    67 |    49 |    41 ||   157
       Mephitic Cloud    |       |    11 |    25 ||    36
       Conjure Flame     |       |     1 |    11 ||    12
       Vampiric Draining |       |       |     2 ||     2
 Abil: Dig               |     6 |     3 |     1 ||    10
  Use: Scroll            |       |       |     4 ||     4
       Potion            |       |       |     4 ||     4
 Stab: Confused          |       |     2 |     5 ||     7
  Eat: Chunk             |     1 |     6 |    11 ||    18
Armor: Robe              |    15 |    16 |    17 ||    48
Dodge: Dodged            |    57 |    46 |    89 ||   192
